Cogmind - Beta 13 @@@ ROGUE MODE // 2024.05.04 @ 10:07:54 Player: Pluto Result: Destroyed by D-53 Grenadier with Mini Grenade Launcher Performance ------------- Evolutions (0) 0 Regions Visited (2) 400 Robots Destroyed (43) 215 Value Destroyed (860) 860 Prototype IDs (0) 0 Alien Tech Used (0) 0 Bonus (0) 0 TOTAL SCORE: 1475 Bonus ------- None Cogmind --------- Core Integrity 0/250 Matter 247/300 Energy 140/140 System Corruption 0% Temperature Cool (0) Movement Treading (232) Ox1 Location -10/Mines Parts ------- > --- POWER (1) -------- Light Deuterium Engine > --- PROPULSION (2) --- Light Treads Advanced Treads > --- UTILITY (2) ------ High-capacity Storage Unit Signal Interpreter > --- WEAPON (2) ------- Ion Cannon Light Cannon > --- INVENTORY (20) --- Ion Engine Improved Ion Engine Light Nuclear Core Light Angular Momentum Engine Light Treads Aluminum Leg Aluminum Leg Aluminum Leg High-capacity Storage Unit Experimental Sensor Array Improved Terrain Scanner Targeting Computer Core Shielding Light Armor Plating Light Armor Plating Beam Rifle Beam Rifle Improved Grenade Launcher Hammer Peak State ------------ > --- POWER ------------ Light Deuterium Engine > --- PROPULSION ------- Light Treads Advanced Treads > --- UTILITY ---------- High-capacity Storage Unit Signal Interpreter > --- WEAPON ----------- Ion Cannon Light Cannon > --- INVENTORY -------- Ion Engine Improved Ion Engine Light Nuclear Core Light Angular Momentum Engine Light Treads Aluminum Leg Aluminum Leg Aluminum Leg High-capacity Storage Unit Experimental Sensor Array Improved Terrain Scanner Targeting Computer Core Shielding Light Armor Plating Light Armor Plating Beam Rifle Beam Rifle Improved Grenade Launcher Hammer [Rating: 17] Favorites ----------- Power Ion Engine Engine Ion Engine Propulsion Light Treads Treads Light Treads Leg Aluminum Leg Utility Signal Interpreter Device Seismic Detector Storage High-capacity Storage Unit Processor Signal Interpreter Weapon Light Cannon Energy Cannon Beam Cannon Ballistic Gun Assault Rifle Ballistic Cannon Light Cannon Special Weapon Mining Laser Build | -11 -10 -10 ------- Run | Yrd Mat Min Slots Evolved . | . . . Power . | . . . Propulsion . | . . . Utility . | . . . Weapon . | . . . Parts Attached 23 | 7 11 5 Power 3 | 1 1 1 Engine 3 | 1 1 1 Core . | . . . Reactor . | . . . Propulsion 7 | 2 4 1 Treads 5 | 2 2 1 Leg 2 | . 2 . Wheel . | . . . Hover . | . . . Flight . | . . . Utility 5 | 2 3 . Device 1 | 1 . . Storage 3 | 1 2 . Processor 1 | . 1 . Hackware . | . . . Protection . | . . . Artifact . | . . . Weapon 8 | 2 3 3 Energy Gun . | . . . Energy Cannon 2 | . 1 1 Ballistic Gun 3 | 2 1 . Ballistic Cannon 2 | . 1 1 Launcher . | . . . Special Weapon 1 | . . 1 Impact Weapon . | . . . Slashing Weapon . | . . . Piercing Weapon . | . . . Special Melee Weapon . | . . . Unidentified Prototypes . | . . . Parts Lost 4 | . 4 . Power 1 | . 1 . Propulsion 1 | . 1 . Utility 1 | . 1 . Weapon 1 | . 1 . Highest Loss Streak 2 | . 2 . To Critical Strikes . | . . . Average Slot Usage (%) 99 | . 98 99 Engine 13 | . 13 14 Treads 23 | . 21 28 Leg 4 | . 6 . Device 4 | . 6 . Storage 14 | . 14 14 Processor 9 | . 6 14 Energy Cannon 9 | . 9 11 Ballistic Gun 7 | . 11 . Ballistic Cannon 9 | . 7 13 Naked Turns . | . . . Heaviest Build 54 | 14 51 54 Greatest Support 42 | 40 40 42 Greatest Overweight (x) 2 | . 2 1 Average Overweight (x) . | . . 1 Largest Inventory Capacity 20 | 8 20 20 Average Capacity 15 | 7 13 20 Most Carried 20 | 6 18 20 Average Carried 13 | 3 11 19 Final Capacity 20 | 8 20 20 Final Carried 19 | 5 18 19 Class Distribution -------------------- 100% | Mutant Dominant Class ---------------- Mutant | -10/Materials Mutant | -10/Mines Resources | -11 -10 -10 ----------- Run | Yrd Mat Min Matter Collected 891 | 271 531 89 Remotely . | . . . Salvage Created 1242 | 222 756 264 Parts 84 | 14 50 20 Haulers Intercepted 2 | . 2 . Recyclers Shooed . | . . . Parts Field Recycled . | . . . Retrieved Matter . | . . . Parts Self-Destructed . | . . . Prevented . | . . . Kills | -11 -10 -10 ------- Run | Yrd Mat Min Combat Hostiles Destroyed 30 | . 19 11 Guns 12 | . 12 . Cannons 18 | . 7 11 Classes Destroyed 9 | 3 5 1 Worker 2 | 2 . . Builder 1 | . 1 . Tunneler 4 | 4 . . Hauler 2 | . 2 . Recycler 1 | 1 . . Watcher 3 | . 3 . Swarmer 12 | . 6 6 Grunt 16 | . 13 3 Sentry 2 | . . 2 Best Kill Streak 4 | 2 4 3 Combat Bots Only 4 | . 4 3 Max Kills in Single Turn 1 | 1 1 1 Gunslinging . | . . . Exploded . | . . . Melee . | . . . Uniques/NPCs Destroyed . | . . . Combat | -11 -10 -10 -------- Run | Yrd Mat Min Hostile Shots Fired 163 | . 101 62 Missed 34 | . 20 14 Damage Taken 1341 | . 893 448 Core 250 | . 141 109 Absorbed by Shields . | . . . Core Remaining (%) 100 | 100 . . Volleys Fired 117 | 22 72 23 Largest 2 | 2 2 2 Hottest 100 | 40 95 100 Shots Fired 233 | 44 144 45 Gun 148 | 44 104 . Cannon 84 | . 40 44 Launcher . | . . . Special 1 | . . 1 Kinetic 182 | 44 116 22 Thermal 51 | . 28 23 Explosive . | . . . Electromagnetic . | . . . Robot Hit Streak 11 | 7 11 9 Robot Miss Streak 8 | 3 3 8 Penetration Max . | . . . Secondary Targets 2 | . 2 . Max Gunslinging Chain 1 | . 1 . Shots Hit Robots 146 | 30 92 24 Core Hits 58 | 12 35 11 Critical Kills 2 | 2 . . Critical Parts Destroyed 2 | 1 1 . Critical Strikes 5 | 3 1 1 Destroy 4 | 3 1 . Blast 1 | . . 1 Melee Attacks . | . . . Impact . | . . . Slashing . | . . . Piercing . | . . . Sneak Attacks . | . . . Combat Hostiles . | . . . Follow-up Attacks . | . . . Damage Inflicted 2034 | 282 1302 450 Guns 1178 | 282 896 . Cannons 853 | . 403 450 Explosions . | . . . Melee . | . . . Ramming 3 | . 3 . Kinetic 1455 | 282 966 207 Thermal 576 | . 333 243 Explosive . | . . . Electromagnetic . | . . . Impact . | . . . Slashing . | . . . Piercing . | . . . Highest Corruption . | . . . Average Corruption . | . . . Corruption Purged . | . . . Corruption Blocked . | . . . Overload Shots . | . . . Overflow Damage 33 | . 19 14 Projectiles 33 | . 19 14 Explosions . | . . . Melee . | . . . Knockbacks 3 | . 1 2 Impact . | . . . Kinetic 3 | . 1 2 Secondary . | . . . Self-Inflicted Damage . | . . . Shots . | . . . Rammed 1 | . 1 . Targets Rammed 1 | . 1 . Kicked . | . . . Crushed . | . . . Highest Temperature 341 | . 160 341 Average Temperature 83 | . 48 121 Received Heat Transfer 378 | . 336 42 Effects 1 | . . 1 Energy Bleed 1 | . . 1 Siege Activations . | . . . Robots Corrupted . | . . . Combat Hostiles . | . . . Parts Fried . | . . . Impact Corruptions . | . . . Robots Melted . | . . . Combat Hostiles . | . . . Parts Melted . | . . . Heat Transferred 1221 | . 703 518 Parts Sabotaged . | . . . Parts Stolen . | . . . Parts Stripped . | . . . Power Chain Reactions . | . . . Alert | -11 -10 -10 ------- Run | Yrd Mat Min Peak Influence 247 | 35 247 195 Initial 22 | . 22 . Average 73 | 15 88 55 Maximum Alert Level 1 | . 1 . Low Security (%) 99 | 100 99 100 Level 1 . | . . . Level 2 . | . . . Level 3 . | . . . Level 4 . | . . . Level 5 . | . . . High Security . | . . . Max Security . | . . . Squads Dispatched 5 | . 4 1 Investigation 3 | . 2 1 Extermination . | . . . Reinforcement 2 | . 2 . Assault . | . . . Garrison . | . . . Intercept . | . . . Searches Triggered . | . . . Construction Impeded . | . . . Haulers Reinforced . | . . . Active Scanning Responses . | . . . Cargo Convoy Interrupts . | . . . Stealth | -11 -10 -10 --------- Run | Yrd Mat Min Distress Signals 1 | . 1 . Communications Jammed . | . . . Distress Signals . | . . . Times Spotted 41 | . 29 12 Peak Tracking Total 4 | . 4 3 Tactical Retreats 2 | . 2 . Traps | -11 -10 -10 ------- Run | Yrd Mat Min Traps Triggered 4 | . 4 . Indirectly . | . . . Trap Hack Attempts . | . . . Triggered . | . . . Disarmed . | . . . Reprogrammed . | . . . Reused . | . . . Traps Extracted . | . . . Installed . | . . . Triggered . | . . . Machines | -11 -10 -10 ---------- Run | Yrd Mat Min Machines Disabled . | . . . Max in Single Turn . | . . . Machines Repaired . | . . . Machines Dismantled . | . . . Machines Sabotaged . | . . . Overloaded Fab Kills . | . . . Hacking | -11 -10 -10 --------- Run | Yrd Mat Min Machines Accessed 7 | . 6 1 Terminals 6 | . 6 . Fabricators . | . . . Repair Stations . | . . . Recycling Units . | . . . Scanalyzers . | . . . Garrison Access . | . . . Total Hacks 11 | . 10 1 Successful 3 | . 2 1 Failed 8 | . 8 . Catastrophic 2 | . 2 . Database Lockouts . | . . . Manual 10 | . 10 . Terminals 10 | . 10 . Fabricators . | . . . Repair Stations . | . . . Recycling Units . | . . . Scanalyzers . | . . . Garrison Access . | . . . Terminal Hacks 1 | . . 1 Open Door 1 | . . 1 Fabricator Hacks . | . . . Repair Station Hacks . | . . . Recycling Unit Hacks . | . . . Scanalyzer . | . . . Garrison Access Hacks . | . . . Unauthorized Hacks 2 | . 2 . Terminals 2 | . 2 . Botnet 2 | . 2 . Fabricators . | . . . Repair Stations . | . . . Recycling Units . | . . . Scanalyzers . | . . . Garrison Access . | . . . Data Cores Recovered . | . . . Used . | . . . Hacking Detections 6 | . 6 . Full Trace Events . | . . . Feedback Events . | . . . Feedback Blocked . | . . . Robot Schematics Acquired . | . . . Robots Built . | . . . Authchips . | . . . Time . | . . . Total Robot Build Rating . | . . . Part Schematics Acquired . | . . . Parts Built . | . . . Authchips . | . . . Time . | . . . Total Part Build Rating . | . . . Parts Repaired . | . . . Time . | . . . Parts Recycled . | . . . Recycled Matter . | . . . Retrieved Matter . | . . . Retrieved Components . | . . . Parts Scanalyzed . | . . . Part Schematics Acquired . | . . . Parts Damaged . | . . . Bothacking | -11 -10 -10 ------------ Run | Yrd Mat Min Used RIF Installer . | . . . Robots Hacked . | . . . Non-combat . | . . . Combat . | . . . Robot Hacks Applied . | . . . Relay Couplers Released . | . . . Fabnet Peak Effective % . | . . . Robots Rewired . | . . . Allies Hacked . | . . . Hacks Repelled . | . . . Allies | -11 -10 -10 -------- Run | Yrd Mat Min Total Allies 1 | . . 1 Largest Group 1 | . . 1 Highest-Rated Group 31 | . . 31 Highest-Rated Ally 31 | . . 31 Total Orders . | . . . Ally Attacks . | . . . Total Damage . | . . . Kills . | . . . Allies Corrupted . | . . . Allies Melted . | . . . Intel | -11 -10 -10 ------- Run | Yrd Mat Min Robot Analysis Total . | . . . Derelict Logs Recovered 1 | . . 1 Drone Launches . | . . . Drone Recoveries . | . . . Exploration | -11 -10 -10 ------------- Run | Yrd Mat Min Turns Passed 3335 | 172 2066 1097 Spaces Moved 1341 | 63 850 428 Core 8 | 8 . . Treads 1122 | 55 639 428 Legs 211 | . 211 . Wheels . | . . . Hover . | . . . Flight . | . . . Fastest Speed 50 | 50 120 232 Average Speed 206 | 146 198 232 Slowest Speed 320 | 160 320 240 Overloaded Moves . | . . . Propulsion Burnouts . | . . . Robots Hopped . | . . . Cave-ins Triggered . | . . . Exploration Rate (%) 57 | 6 98 69 Regions Visited 2 Branch Regions 1 Pre-discovered Areas . | . . . Known Exits Taken 1 | . 1 . Unknown Exits Taken 1 | 1 . . Scrap Searched . | . . . Spaces Dug 1 | . . 1 Terrain Destroyed 1 | . . 1 Melee . | . . . Projectile 1 | . . 1 AOE . | . . . Terrain Rammed . | . . . Walls Destroyed . | . . . Machines Disabled . | . . . Actions | -11 -10 -10 --------- Run | Yrd Mat Min Total 1676 | 100 1088 488 Wait 138 | 3 130 5 Move 1339 | 62 849 428 Hop . | . . . Pick Up 34 | 6 16 12 Fast Attach 13 | 6 5 2 Attach 6 | 1 4 1 Detach 3 | . 3 . Swap 4 | . 2 2 Drop 21 | . 6 15 Fire 117 | 22 72 23 Melee . | . . . Ram . | . . . Kick . | . . . Crush 1 | . 1 . Escape Stasis . | . . . Rewire . | . . . Trap . | . . . Miscellaneous . | . . . Route ------- -11/Scrapyard -10/Materials (discovered 4 exits: *Mat x3 / *Min) -10/Mines (discovered 3 exits: *Mat x2 / *Sub) History --------- Turn | Location | Event 7 | -11/Scrapyard | Discovered new exit (range 14) 173 | -11/Scrapyard | Entered Materials 314 | -10/Materials | Build established: Mutant 391 | -10/Materials | Discovered new exit (range 16) 795 | -10/Materials | Discovered new exit (range 7) 1169 | -10/Materials | Core integrity fell below 50% 1323 | -10/Materials | Discovered new exit (range 10) 1646 | -10/Materials | Identified exit to Materials 1997 | -10/Materials | Discovered exit to Materials (range 8) 2228 | -10/Materials | Identified exit to Mines 2239 | -10/Materials | Entered Mines 2337 | -10/Mines | Met a Derelict shopkeep closing up shop 2462 | -10/Mines | Learned Materials stockpile data 2520 | -10/Mines | Discovered exit to Materials (range 7) 2773 | -10/Mines | Found a damaged Exp. Sensor Array with a note attached 2778 | -10/Mines | Found Prototype Device 2860 | -10/Mines | Core integrity fell below 20% 2956 | -10/Mines | Received a Mining Laser from a helpful Derelict 3125 | -10/Mines | Discovered new exit (range 3) 3128 | -10/Mines | Identified exit to Subcaves 3173 | -10/Mines | Discovered exit to Materials (range 5) 3301 | -10/Mines | Assembled infested the area 3336 | -10/Mines | Destroyed by D-53 Grenadier with Mini Grenade Launcher Last Messages --------------- 02969_ Dropped Beam Cannon. 02972_ Acquired Mining Laser. 03110_ T-07 Excavator is excavating. 03116_ U-05 Engineer lays Concrete. 03118_ U-05 Engineer builds a Wall. 03125_ EXIT=FOUND 03128_ EXIT=IDENTIFIED: SUBCAVES 03139_ Dropped Lgt. Cannon. 03147_ U-05 Engineer builds a Wall. 03149_ Acquired Lgt. Cannon. 03150_ Dropped Mining Laser. 03173_ EXIT=FOUND: MATERIALS 03239_ TT-UHH(g): "You look like you can take it from here!" 03239_ TT-UHH(g) slips back into the shadows. 03301_ ALERT: Infestation in the mines, dispatching Demolisher response squad. 03319_ HV Slug penetrates Wall. 03333_ C-30 ARC bursts open, deploying its payload. 03333_ D-53 Grenadier unfolds itself. 03335_ K-01 Serf collects debris. Map ----- +----------------------------------------------------+ | ?????????????????#### #??????#! [#????# ### | | ????????????????## =* #?????#### ###??## | | ???????????????## *% ##?????# X #?## | | ??????????????## %=####??????# ### | | ????????####### % ##?######### ! % %! | | ?????# ##??# =% % | | ????????####### ##???# ###### % = = | | ??????????????# #????# #????## ### | | ??????????????# ##???# #?????# ##?######## | | ??????????????# ##??# #?????# #####?????????? | | ??????????????## #### ######## ##?????????????? | | ???????????????# #####?????????###??? | | ???????????????# ######## #?????????????# #?? | | ???????????????## ##??????# *###???????????# #? | | ????????????????####??????? %= ????????????# # | | ???????????????????????????#a ??????????????# | | ???????????????????????????# ????????????????# | | ??????????????????????????## ????????????????### | | ?????????????????????????## ???????#####???????# | | ?????????????????????????# #??????## #####???? | | ?????????????????????????# #????### [%##??? | | ?????????????????????????# ##??## =*%#??? | | ?????????????????????????# #### * #??? | | ?????????????????######### ##d #### #??? | | ?????????????????# k dk% ##??# ##??? | | ?????????????????# @ #???# #??## | | ?????????????????# ###### #???# #### | | ?????????????????# #??## ##???# | | ?????????????? "" #?## ### ####????# ### | | ?????????? # #?# #?#####???????# #?# | | ?????? ## #?# #?????????????# #?# | | ?????# ## ###### #?#### #?????????????# #?# | | ????????????????# #????# #??#####??????# #?# | | ????????????????# ###????# #### ##?????# #?## | | ????????????????# ???????# ##????# #### | | ????????????????# ???????###### ] ###??# | | ????????????????# ???????????## ##?# | | ????????????????# ?????????### ######### | | ????????????????# ?????????# #??????## | | ????????????????# ?????????## #???????# | | ????????????????# ??????????######### ##???????# | | ???????????????? ????????????????????####????????# | | ???????????????? ????????????????????????????????# | | ???????????????? ????????????????????????????????# | | ???????????????? ????????????????????????????????# | | ?????????????????????????????????????????????????? | | ?????????????????????????????????????????????????? | | ?????????????????????????????????????????????????? | | ?????????????????????????????????????????????????? | | ?????????????????????????????????????????????????? | +----------------------------------------------------+ Best States ------------- Heat Dissipation 25 Energy Generation 14 Energy Capacity 250 Matter Stores 300 Matter Capacity 300 Sight Range 16 Terrain Scan Density 10 Evasion (%) 50 Recoil Reduction 2 Item Schematics ----------------- None Robot Schematics ------------------ None Fabricated ------------ Nothing Alien Tech Used ----------------- None Achievements -------------- None Challenges ------------ None Game ------ Seed BackupChainFlail Manual? 0 Play Time 00:24:57 Cumulative 21.2 hours Start 2024.05.04 @ 09:44:06 End 2024.05.04 @ 10:07:54 Sessions 1 Manual Loads 0 Difficulty Rogue Special Mode None Game No. 22 Rogue 22 Adventurer 0 Explorer 0 Win Type - Total 0 Types 0/0/0/0/0/0/0/0/0 Lore% 7 Gallery% 22 Achievement% 20 Wizard Run 0 Options --------- Layout 0 ASCII 0 Keyboard 1 Movement Numpad Keybinds 0 Fullscreen 1 Font 24/Smallcaps Map View 76x50 Zoom Use 0% Tactical HUD 1 Map Filters NONE Filters NONE Steam 1 RUN: d7889866-8dc4-416a-8d8f-defcb6cf2948